 Dungeon Crawl Stone Soup version 0.30.0 (webtiles) character file.

Game seed: 14869493282126709439

53 Ayyar the Slasher (level 3, -2/49 HPs)
             Began as a Minotaur Berserker on Aug 4, 2023.
             Was a Believer of Trog.
             Constricted to death by Grinder (6 damage)
             ... while paralysed by Grinder
             ... on level 3 of the Dungeon.
             The game lasted 00:03:41 (1221 turns).

Ayyar the Slasher (Minotaur Berserker)              Turns: 1221, Time: 00:03:41

Health: -2/49      AC:  2    Str: 23    XL:     3   Next: 64%
Magic:  2/2        EV: -1    Int:  4    God:    Trog [**....]
Gold:   53         SH:  0    Dex:  9    Spells: 2/2 levels left

rFire   . . .        a - +0 falchion
rCold   . . .        l - +0 buckler
rNeg    . . .        b - +0 animal skin
rPois   .            (helmet restricted)
rElec   .            (no cloak)
rCorr   .            (no gloves)
SInv    .            (no boots)
Will    .....        (no amulet) Stlth
                     (no ring)
HPRegen 0.28/turn    (no ring)
MPRegen 0.08/turn

%: no passive effects
@: paralysed, berserking (expiring), grasped by roots, constricted
A: horns 2, retaliatory headbutt
a: Renounce Religion, Berserk, Trog's Hand


You were on level 3 of the Dungeon.
You worshipped Trog.
Trog was pleased with you.
You visited 1 branch of the dungeon, and saw 3 of its levels.

You collected 53 gold pieces.

Inventory:

Hand Weapons
 a - a +0 falchion (weapon)
Missiles
 n - 2 atropa-tipped darts (quivered)
Armour
 b - a +0 animal skin (worn)
 l - a +0 buckler (worn)
Scrolls
 e - 2 scrolls of fog {unknown}
 g - a scroll of amnesia {unknown}
 h - 2 scrolls of identify {unknown}
 i - a scroll of fear {unknown}
 j - a scroll of teleportation {unknown}
 k - a scroll of brand weapon {unknown}
 m - 2 scrolls of noise {unknown}
Potions
 c - a potion of flight {unknown}
 d - 2 potions of lignification {unknown}
 f - 2 potions of attraction {unknown}
 o - a potion of mutation {unknown}
 p - a potion of degeneration {unknown}


   Skills:
 + Level 4.1 Fighting
 + Level 4.1 Long Blades
 + Level 0.4 Throwing
 + Level 3.1 Armour
 + Level 2.8 Dodging
 + Level 0.6 Shields


You had 2 spell levels left.
You didn't know any spells.
Your spell library was empty.

Dungeon Overview and Level Annotations

Branches:
Dungeon (3/15)

Altars:
Ru

Annotations:
D:3 Grinder, Sigmund


Innate Abilities, Weirdness & Mutations

You have a pair of horns on your head.
You reflexively headbutt those who attack you in melee.


Message History

You throw an atropa-tipped dart. The atropa-tipped dart hits Sigmund.
Sigmund resists.
Sigmund casts a spell at you. The magic dart hits you.
Grinder comes into view.
She is carrying a wand of roots (6).
Found a scroll labelled XYANWOR RUCLOU.
Grinder shouts!
Sigmund barely misses you. Grinder gestures at you.
Pain shoots through your body!
You are too injured to fight recklessly!
You are too injured to fight recklessly!
A red film seems to cover your vision as you go berserk!
You feel yourself moving faster!
You feel mighty!
Sigmund is no longer blind.
Grinder zaps a wand.
The roots erupt in riotous growth!
The grasping roots grab you!
Sigmund is unaffected.
The grasping roots constrict you!
* * * LOW HITPOINT WARNING * * *
You hear an angry hiss.
You slash Sigmund!
Sigmund is moderately wounded.
Sigmund barely misses you. The grasping roots constrict you.
* * * LOW HITPOINT WARNING * * *
You slash Sigmund!
Sigmund is severely wounded.
You closely miss Sigmund.
Sigmund is severely wounded.
Sigmund points at you and mumbles some strange words.
You resist with significant effort. Grinder gestures at you.
You suddenly lose the ability to move!
The grasping roots constrict you.
* * * LOW HITPOINT WARNING * * *
Sigmund completely misses you. The grasping roots constrict you.
* * * LOW HITPOINT WARNING * * *
The grasping roots release their grip on you.
Grinder says, "You look like you could use a good racking."
Grinder zaps a wand.
The roots erupt in riotous growth!
The grasping roots grab you!
Sigmund is unaffected.
The grasping roots constrict you.
You die...

...........##
......?.....
≈.~........#
~~.........
#........##
~♣~~.(.....#
..~~..@....#
~.~....@...#
~...5......#
..~........#
≈.≈~.......######
.~.......#......#
##########.<....#
#...†..#
.........#
####......#


You could see Grinder and Sigmund.

Vanquished Creatures
  An adder (D:2)
  A worm (D:2)
  2 dart slugs
  3 ball pythons (D:2)
  3 bats
  4 endoplasms (D:2)
  4 giant cockroaches
  2 goblins
  A hobgoblin (D:1)
  2 quokkas (D:1)
  2 frilled lizards
  7 kobolds
  3 rats
35 creatures vanquished.

Notes
Turn   | Place    | Note
-------+----------+-------------------------------------------
     0 | D:1      | Ayyar the Minotaur Berserker began the quest for the Orb.
     0 | D:1      | Reached XP level 1. HP: 19/19 MP: 0/0
   168 | D:1      | Reached XP level 2. HP: 27/27 MP: 1/1
   210 | D:1      | Found a faded altar of an unknown god.
   747 | D:2      | Reached ** piety under Trog
   802 | D:2      | Reached XP level 3. HP: 33/33 MP: 2/2
   838 | D:2      | Found a sacrificial altar of Ru.
  1210 | D:3      | Noticed Sigmund
  1214 | D:3      | Noticed Grinder
  1219 | D:3      | Paralysed by Grinder for 5 turns
  1221 | D:3      | Constricted to death by Grinder

Illustrated notes

Levels and vault maps discovered:
D:1:      dreamdust_arrival_sigmund_warning, layout_rooms,
          shapermc_ecumenical_altar_acropolis
D:2:      layout_basic, basic_altar, st_stairs_14
D:3:      layout_rooms, elyvilon_altar_1, serial_rivers,
          chequers_serial_rivers_room_a, chequers_serial_rivers_large_b,
          chequers_serial_rivers_marsh, chequers_serial_rivers_large_a,
          hellmonk_no_cap, uniq_grinder, uniq_sigmund

Skill      XL: |  1  2 |
---------------+-------+-----
Fighting       | 4 |  4.1
Long Blades    | 4 |  4.1
Armour         | 3 |  3.1
Throwing       | |  0.4
Dodging        | |  2.8
Shields        | |  0.6

Action                     || total
---------------------------++-------
  Melee: Falchion          ||    73
         Headbutt          ||    16
         Punch             ||     1
  Throw: Dart              ||     2
 Invoke: Berserk           ||     1
 Armour: Animal skin       ||    18
  Dodge: Dodged            ||    54
  Block: Buckler           ||     4
